WCHLSIM.com - West Coast Hockey League
html PUBLIC "-//W3C//DTD XHTML 1.0 Transitional//EN" "http://www.w3.org/TR/xhtml1/DTD/xhtml1-transitional.dtd"> WCHL - Game 784 - SASKATOON DUCKS vs NORTH DAKOTA HAWKS

SASKATOON DUCKS vs NORTH DAKOTA HAWKS

Created - 15 mars 2021 at 22:18

Goals
1 2 3 T
SASKATOON DUCKS 0 2 1 3
NORTH DAKOTA HAWKS 1 0 0 1
Shots
1 2 3 T
SASKATOON DUCKS 15 12 4 31
NORTH DAKOTA HAWKS 4 6 4 14

1st period

1. NORTH DAKOTA HAWKS , Dougie Hamilton 5 (Alex Killorn 18, Nick Suzuki 22) at 0:56 (PP)

Penalties :
Dylan Strome (SAS) for Holding (Minor) at 0:52, Ryan Carpenter (NDH) for Elbowing (Minor) at 7:55, Ryan Lindgren (NDH) for Tripping (Minor) at 16:03

2nd period

2. SASKATOON DUCKS , William Nylander 19 (Jason Spezza 7) at 4:32 (PP)
3. SASKATOON DUCKS , Tyler Bozak 4 (Ryan Strome 33, Blake Comeau 7) at 18:03

Penalties :
Nic Dowd (NDH) for Tripping (Minor) at 4:28, Jan Rutta (NDH) for Hooking (Minor) at 9:57, Marc Staal (NDH) for Holding Stick (Minor) at 13:40

3rd period

4. SASKATOON DUCKS , Ryan McDonagh 5 (Zdeno Chara 11, Dylan Strome 30) at 2:55 (PP)

Penalties :
Josh Brown (NDH) for Roughing (Minor) at 1:48, Joe Thornton (SAS) for Hooking (Minor) at 12:14, Luke Kunin (NDH) for Slashing (Minor) at 19:08

Goalie Stats

Jordan Binnington (SAS), 13 saves from 14 shots - (0,929), W, 28-9-5, 60:00 minutes
Cameron Talbot (NDH), 28 saves from 31 shots - (0,903), L, 6-17-5, 60:00 minutes

Players Stats for SASKATOON DUCKS

Player Name              G  A  P  +/- PIM S  H  SB GA TA FO     MP     PP MP  PK MP  
------------------------------------------------------------------------------------
Alex Goligoski           0  0  0   0  0   0  2  0  0  0  0/0    23:41   5:03   1:12 
Andrej Sekera            0  0  0   1  0   0  0  0  0  0  0/0    15:37   0:00   0:00 
Anthony Duclair          0  0  0   0  0   2  0  0  0  0  2/3    16:48   1:53   0:38 
Artemi Panarin           0  0  0   0  0   3  1  0  0  0  0/2    19:33   4:55   0:08 
Blake Comeau             0  1  1   1  0   0  0  0  0  0  1/1     7:13   0:20   0:30 
Dylan Strome             0  1  1   0  2   5  2  0  0  0  11/23  20:04   5:17   0:51 
Jakub Vrana              0  0  0   0  0   3  1  1  0  0  1/1    18:05   4:43   0:00 
Jan Drozg                0  0  0   0  0   0  0  0  0  0  0/0     0:00   0:00   0:00 
Jason Spezza             0  1  1   0  0   0  0  0  0  0  4/11   15:46   0:04   1:25 
Joe Thornton             0  0  0   0  2   2  1  0  0  0  8/14   16:43   3:18   0:04 
Radko Gudas              0  0  0   1  0   0  1  1  0  0  0/0    16:28   0:00   0:51 
Ryan McDonagh            1  0  1   0  0   3  2  1  0  0  0/0    23:21   4:43   1:12 
Ryan Strome              0  1  1   1  0   2  0  0  0  0  1/1    23:54   4:43   0:00 
Samuel Girard            0  0  0   0  0   3  1  0  0  0  0/0    20:11   5:15   0:00 
Tyler Bozak              1  0  1   1  0   1  0  0  0  0  4/5     6:53   0:00   0:30 
Warren Foegele           0  0  0   0  0   1  1  0  0  0  1/1    14:17   0:00   0:00 
William Nylander         1  0  1   0  0   6  0  0  0  0  0/1    19:12   4:41   0:00 
Zdeno Chara              0  1  1   0  0   0  1  1  0  0  0/0    20:09   4:55   0:51 

Players Stats for NORTH DAKOTA HAWKS

Player Name              G  A  P  +/- PIM S  H  SB GA TA FO     MP     PP MP  PK MP  
------------------------------------------------------------------------------------
Alex Killorn             0  1  1   0  0   0  0  0  0  0  0/0    16:56   1:28   1:12 
Brandon Sutter           0  0  0  -1  0   0  0  0  0  0  10/19  15:10   0:00   5:07 
Connor Clifton           0  0  0   0  0   0  1  0  0  0  0/0    15:38   0:00   0:25 
Dillon Dube              0  0  0  -1  0   0  1  0  0  0  0/0    11:27   1:24   0:00 
Dougie Hamilton          1  0  1   0  0   3  0  0  0  0  0/0    23:46   0:39   6:07 
Frank Vatrano            0  0  0   0  0   2  0  0  0  0  0/0    16:05   0:35   0:00 
Jack Hughes              0  0  0   0  0   0  0  0  0  0  6/15   16:05   0:35   0:00 
Jan Rutta                0  0  0   0  2   0  0  0  0  0  0/0    16:52   0:00   1:40 
Jordan Kyrou             0  0  0  -1  0   2  0  1  0  0  0/1    14:12   0:39   4:12 
Josh Brown               0  0  0  -1  2   0  4  3  0  0  0/0    19:17   0:00   3:32 
Luke Kunin               0  0  0   0  2   2  1  0  0  0  0/0    16:04   0:35   0:00 
Marc Staal               0  0  0   0  2   0  1  1  0  0  0/0    21:11   0:00   4:24 
Matthew Nieto            0  0  0   0  0   1  0  0  0  0  1/1    13:07   0:00   4:57 
Nic Dowd                 0  0  0   0  2   1  0  2  0  0  6/11   12:52   0:00   4:43 
Nick Suzuki              0  1  1   0  0   0  0  1  0  0  6/15   16:06   1:28   0:22 
Ryan Carpenter           0  0  0   0  2   0  0  0  0  0  0/0     8:51   0:00   0:00 
Ryan Lindgren            0  0  0  -1  2   1  2  0  0  0  0/0    20:32   1:24   3:11 
Zack Kassian             0  0  0   0  0   2  1  0  0  0  1/1    15:44   1:28   0:00 

3 Stars

1 - Ryan McDonagh (SAS)
2 - Tyler Bozak (SAS)
3 - William Nylander (SAS)

Power Play

SASKATOON DUCKS - 2 on 7 Attempt(s) - 28,57%
NORTH DAKOTA HAWKS - 1 on 2 Attempt(s) - 50,00%

Penalty Kill

SASKATOON DUCKS - 1 on 2 Attempt(s) - 50,00% - Score 0 goal in Penalty Kill
NORTH DAKOTA HAWKS - 5 on 7 Attempt(s) - 71,43% - Score 0 goal in Penalty Kill

Team Stat

SASKATOON DUCKS - Hits : 13 - Faceoff Wins : 33 - Blocked Shots : 4 - Penalty Minutes : 4
NORTH DAKOTA HAWKS - Hits : 11 - Faceoff Wins : 30 - Blocked Shots : 8 - Penalty Minutes : 14

Official

Referees : Jon McIsaac and Andrew Wilk
Linesman : Derek Wahl and James Tobias

Game Notes

Jordan Kyrou is injured at 16:37 of 3rd period (Left Foot)

Finance

Level 1 -- Attendance: 6000 (100,00%) -- Ticket Income 588 000 $
Level 2 -- Attendance: 5000 (100,00%) -- Ticket Income 275 000 $
Level 3 -- Attendance: 2000 (100,00%) -- Ticket Income 80 000 $
Level 4 -- Attendance: 4000 (100,00%) -- Ticket Income 100 000 $
Luxury Box -- Attendance: 934 (93,40%) -- Ticket Income 186 800 $
Total Attendance: 17934 (99,63%)
Total Ticket Income: 1 229 800 $
Other Expense: 12 298 $
Total Income: 1 217 502 $

SASKATOON DUCKS

5 vs 5 Forward 
   Center                   Left Wing                Right Wing               Time % Phy DF OF 
 1 Joe Thornton             Jakub Vrana              Ryan Strome              33     0   2  3  
 2 Dylan Strome             Artemi Panarin           William Nylander         33     0   2  3  
 3 Jason Spezza             Warren Foegele           Anthony Duclair          26     0   4  1  
 4 Tyler Bozak              Blake Comeau             Ryan Strome              8      0   4  1  

5 vs 5 Defense 
   Defense                  Defense                                           Time % Phy DF OF 
 1 Alex Goligoski           Ryan McDonagh                                     42     0   4  1  
 2 Zdeno Chara              Samuel Girard                                     35     0   5  0  
 3 Radko Gudas              Andrej Sekera                                     23     0   5  0  
 4 Radko Gudas              Ryan McDonagh                                     0      1   2  2  

PowerPlay Forward 
   Center                   Left Wing                Right Wing               Time % Phy DF OF 
 1 Joe Thornton             Artemi Panarin           William Nylander         50     0   0  5  
 2 Dylan Strome             Jakub Vrana              Ryan Strome              50     0   0  5  

PowerPlay Defense
   Defense                  Defense                                           Time % Phy DF OF 
 1 Alex Goligoski           Samuel Girard                                     50     0   2  3  
 2 Zdeno Chara              Ryan McDonagh                                     50     0   2  3  

Penalty Kill 4 Players Forward 
   Center                   Wing                     Time % Phy DF OF 
 1 Joe Thornton             Jason Spezza             55     0   5  0  
 2 Tyler Bozak              Blake Comeau             45     0   5  0  

Penalty Kill 4 Players Defense
   Defense                  Defense                  Time % Phy DF OF 
 1 Ryan McDonagh            Alex Goligoski           55     0   5  0  
 2 Zdeno Chara              Radko Gudas              45     0   5  0  

Penalty Kill - 3 Players Forward 
   Forward                                           Time % Phy DF OF 
 1 Joe Thornton                                      55     0   5  0  
 2 Tyler Bozak                                       45     0   5  0  

Penalty Kill - 3 Players Defense
   Defense                  Defense                  Time % Phy DF OF 
 1 Alex Goligoski           Ryan McDonagh            55     0   5  0  
 2 Zdeno Chara              Radko Gudas              45     0   5  0  

4 vs 4 Forward 
   Center                   Wing                     Time % Phy DF OF 
 1 Ryan Strome              Artemi Panarin           55     1   2  2  
 2 Dylan Strome             William Nylander         45     1   2  2  

4 vs 4 Defense
   Defense                  Defense                  Time % Phy DF OF 
 1 Alex Goligoski           Ryan McDonagh            55     1   2  2  
 2 Zdeno Chara              Samuel Girard            45     1   2  2  

Last Minutes Offensive
   Center                   Left Wing                Right Wing               Defense                  Defense                  
   Ryan Strome              Artemi Panarin           William Nylander         Samuel Girard            Alex Goligoski           

Last Minutes Defensive
   Center                   Left Wing                Right Wing               Defense                  Defense                  
   Ryan Strome              Artemi Panarin           William Nylander         Alex Goligoski           Ryan McDonagh            

Goaltenders
Starting : Jordan Binnington        
Backup : Ryan Miller              

Extra Forwards
Normal : Ryan Strome, Artemi Panarin, William Nylander - PP : Jakub Vrana, Anthony Duclair - PK : Anthony Duclair
Extra Defensemen
Normal : Alex Goligoski, Ryan McDonagh, Samuel Girard - PP : Alex Goligoski - PK : Andrej Sekera, Ryan McDonagh
Penalty Shots
Artemi Panarin, William Nylander, Ryan Strome, Jakub Vrana, Dylan Strome
Custom OT Lines Forwards
Ryan Strome, Artemi Panarin, William Nylander, Dylan Strome, Anthony Duclair, Joe Thornton, Jakub Vrana, Jason Spezza, Blake Comeau, Tyler Bozak
Custom OT Lines Defensemen
Alex Goligoski, Ryan McDonagh, Samuel Girard, Zdeno Chara, Andrej Sekera

Scratches
Sidney Crosby (Bruised Left Shoulder Injury), Kailer Yamamoto (Strained Left Knee Injury)

NORTH DAKOTA HAWKS

5 vs 5 Forward 
   Center                   Left Wing                Right Wing               Time % Phy DF OF 
 1 Nick Suzuki              Alex Killorn             Zack Kassian             30     1   2  2  
 2 Jack Hughes              Frank Vatrano            Luke Kunin               30     1   2  2  
 3 Brandon Sutter           Dillon Dube              Jordan Kyrou             22     1   2  2  
 4 Nic Dowd                 Matthew Nieto            Ryan Carpenter           18     0   4  1  

5 vs 5 Defense 
   Defense                  Defense                                           Time % Phy DF OF 
 1 Marc Staal               Dougie Hamilton                                   34     1   2  2  
 2 Ryan Lindgren            Josh Brown                                        33     1   2  2  
 3 Connor Clifton           Jan Rutta                                         18     1   2  2  
 4 Connor Clifton           Jan Rutta                                         15     1   2  2  

PowerPlay Forward 
   Center                   Left Wing                Right Wing               Time % Phy DF OF 
 1 Nick Suzuki              Alex Killorn             Zack Kassian             50     1   2  2  
 2 Jack Hughes              Frank Vatrano            Luke Kunin               50     1   2  2  

PowerPlay Defense
   Defense                  Defense                                           Time % Phy DF OF 
 1 Dougie Hamilton          Jordan Kyrou                                      50     1   2  2  
 2 Dillon Dube              Ryan Lindgren                                     50     1   2  2  

Penalty Kill 4 Players Forward 
   Center                   Wing                     Time % Phy DF OF 
 1 Nic Dowd                 Matthew Nieto            50     1   2  2  
 2 Brandon Sutter           Jordan Kyrou             50     1   2  2  

Penalty Kill 4 Players Defense
   Defense                  Defense                  Time % Phy DF OF 
 1 Marc Staal               Dougie Hamilton          50     1   2  2  
 2 Ryan Lindgren            Josh Brown               50     1   2  2  

Penalty Kill - 3 Players Forward 
   Forward                                           Time % Phy DF OF 
 1 Nic Dowd                                          50     1   2  2  
 2 Brandon Sutter                                    50     1   2  2  

Penalty Kill - 3 Players Defense
   Defense                  Defense                  Time % Phy DF OF 
 1 Marc Staal               Dougie Hamilton          50     1   2  2  
 2 Ryan Lindgren            Josh Brown               50     1   2  2  

4 vs 4 Forward 
   Center                   Wing                     Time % Phy DF OF 
 1 Nick Suzuki              Alex Killorn             50     1   2  2  
 2 Brandon Sutter           Jordan Kyrou             50     1   2  2  

4 vs 4 Defense
   Defense                  Defense                  Time % Phy DF OF 
 1 Marc Staal               Dougie Hamilton          50     1   2  2  
 2 Ryan Lindgren            Josh Brown               50     1   2  2  

Last Minutes Offensive
   Center                   Left Wing                Right Wing               Defense                  Defense                  
   Nick Suzuki              Alex Killorn             Zack Kassian             Ryan Lindgren            Dougie Hamilton          

Last Minutes Defensive
   Center                   Left Wing                Right Wing               Defense                  Defense                  
   Nic Dowd                 Matthew Nieto            Jordan Kyrou             Ryan Lindgren            Dougie Hamilton          

Goaltenders
Starting : Cameron Talbot           
Backup : Henrik Lundqvist         

Extra Forwards
Normal : Ryan Carpenter, Matthew Nieto, Dillon Dube - PP : Brandon Sutter, Ryan Carpenter - PK : Alex Killorn
Extra Defensemen
Normal : Jan Rutta, Josh Brown, Marc Staal - PP : Connor Clifton - PK : Jan Rutta, Connor Clifton
Penalty Shots
Nick Suzuki, Alex Killorn, Zack Kassian, Jordan Kyrou, Brandon Sutter
Custom OT Lines Forwards
Nick Suzuki, Alex Killorn, Zack Kassian, Frank Vatrano, Jordan Kyrou, Luke Kunin, Brandon Sutter, Dillon Dube, Matthew Nieto, Ryan Carpenter
Custom OT Lines Defensemen
Ryan Lindgren, Dougie Hamilton, Connor Clifton, Marc Staal, Josh Brown

Scratches
Nicolas Petan (Healthy), Quinton Hughes (Sprained Left Ankle Injury), Nick Bjugstad (Healthy), Cody Eakin (Sprained Right Knee Injury)

% Time on Ice - SASKATOON DUCKS

Lines # - Real PCT - Wanted PCT - Time Play
Normal Forward
1 - 28% - 33% - 13:22
2 - 29% - 33% - 13:57
3 - 30% - 26% - 14:17
4 - 13% - 8% - 6:23
Normal Defense
1 - 36% - 42% - 17:26
2 - 31% - 35% - 14:56
3 - 33% - 23% - 15:37
4 - 0% - 0% - 0:00
PP Forward
1 - 47% - 50% - 4:41
2 - 53% - 50% - 5:17
PP Defense
1 - 53% - 50% - 5:15
2 - 47% - 50% - 4:43
PK Forward
1 - 76% - 55% - 1:33
2 - 24% - 45% - 0:30
PK Defense
1 - 59% - 55% - 1:12
2 - 41% - 45% - 0:51
PK3 Forward
1 - 0% - 55%
2 - 0% - 45%
PK3 Defense
1 - 0% - 55%
2 - 0% - 45%
44 Forward
1 - 0% - 55%
2 - 0% - 45%
44 Defense
1 - 0% - 55%
2 - 0% - 45%
Last Minute Offensive  - 0:00
Last Minute Defensive  - 0:00
Total
Forward - 60:00
Defense - 60:00

% Time on Ice - NORTH DAKOTA HAWKS

Lines # - Real PCT - Wanted PCT - Time Play
Normal Forward
1 - 30% - 30% - 14:16
2 - 32% - 30% - 15:30
3 - 21% - 22% - 10:03
4 - 17% - 18% - 8:10
Normal Defense
1 - 35% - 34% - 16:48
2 - 33% - 33% - 15:58
3 - 18% - 18% - 8:43
4 - 14% - 15% - 6:30
PP Forward
1 - 72% - 50% - 1:28
2 - 28% - 50% - 0:35
PP Defense
1 - 32% - 50% - 0:39
2 - 68% - 50% - 1:24
PK Forward
1 - 50% - 50% - 4:57
2 - 50% - 50% - 5:01
PK Defense
1 - 55% - 50% - 5:28
2 - 45% - 50% - 4:30
PK3 Forward
1 - 0% - 50%
2 - 0% - 50%
PK3 Defense
1 - 0% - 50%
2 - 0% - 50%
44 Forward
1 - 0% - 50%
2 - 0% - 50%
44 Defense
1 - 0% - 50%
2 - 0% - 50%
Last Minute Offensive  - 0:00
Last Minute Defensive  - 0:00
Total
Forward - 60:00
Defense - 60:00

Play-by-Play

1st period


0:01 of 1st period - Nick Suzuki wins face-off versus Joe Thornton in neutral zone.
0:30 of 1st period - Shot by Jakub Vrana.
0:30 of 1st period - Stopped by Cameron Talbot without a rebound.
0:31 of 1st period - Jack Hughes wins face-off versus Dylan Strome in NORTH DAKOTA HAWKS zone.
0:31 of 1st period - Jack Hughes is hit by Artemi Panarin.
0:52 of 1st period - Minor Penalty to Dylan Strome for Holding.
0:53 of 1st period - Nick Suzuki wins face-off versus Joe Thornton in SASKATOON DUCKS zone.
0:56 of 1st period - Shot by Dougie Hamilton.
0:56 of 1st period - Goal by Dougie Hamilton - SASKATOON DUCKS : 0 - NORTH DAKOTA HAWKS : 1.
0:57 of 1st period - Brandon Sutter wins face-off versus Jason Spezza in neutral zone.
2:13 of 1st period - Shot by Dylan Strome.
2:13 of 1st period - Stopped by Cameron Talbot without a rebound.
2:14 of 1st period - Dylan Strome wins face-off versus Jack Hughes in NORTH DAKOTA HAWKS zone.
2:35 of 1st period - Shot by Dylan Strome.
2:35 of 1st period - Stopped by Cameron Talbot without a rebound.
2:36 of 1st period - Joe Thornton wins face-off versus Nick Suzuki in NORTH DAKOTA HAWKS zone.
2:48 of 1st period - Jakub Vrana is hit by Ryan Lindgren and loses puck.
2:52 of 1st period - Icing by Josh Brown.
2:53 of 1st period - Dylan Strome wins face-off versus Nick Suzuki in NORTH DAKOTA HAWKS zone.
4:30 of 1st period - Shot by Luke Kunin.
4:30 of 1st period - Stopped by Jordan Binnington with a rebound.
4:32 of 1st period - Shot by Dougie Hamilton.
4:32 of 1st period - Stopped by Jordan Binnington with a rebound.
4:48 of 1st period - Shot by Frank Vatrano.
4:48 of 1st period - Stopped by Jordan Binnington without a rebound.
4:49 of 1st period - Brandon Sutter wins face-off versus Jason Spezza in SASKATOON DUCKS zone.
5:39 of 1st period - Shot by Dougie Hamilton.
5:39 of 1st period - Shot Misses the Net.
6:01 of 1st period - Shot by William Nylander.
6:01 of 1st period - Stopped by Cameron Talbot with a rebound.
6:07 of 1st period - Shot by Dylan Strome.
6:07 of 1st period - Shot Misses the Net.
6:44 of 1st period - Icing by Alex Killorn.
6:45 of 1st period - Blake Comeau wins face-off versus Nick Suzuki in NORTH DAKOTA HAWKS zone.
6:46 of 1st period - Shot by Ryan Strome.
6:46 of 1st period - Shot Misses the Net.
6:58 of 1st period - Shot by Tyler Bozak.
6:58 of 1st period - Shot Misses the Net.
7:00 of 1st period - Shot by Ryan Strome.
7:00 of 1st period - Shot Blocked by Marc Staal.
7:12 of 1st period - Shot by Tyler Bozak.
7:12 of 1st period - Shot Blocked by Nick Suzuki.
7:14 of 1st period - Shot by Samuel Girard.
7:14 of 1st period - Stopped by Cameron Talbot without a rebound.
7:15 of 1st period - Ryan Strome wins face-off versus Jack Hughes in NORTH DAKOTA HAWKS zone.
7:28 of 1st period - Off-side.
7:29 of 1st period - Jason Spezza wins face-off versus Nic Dowd in neutral zone.
7:36 of 1st period - Shot by Warren Foegele.
7:36 of 1st period - Shot Misses the Net.
7:38 of 1st period - Shot by Warren Foegele.
7:38 of 1st period - Shot Misses the Net.
7:40 of 1st period - Shot by Warren Foegele.
7:40 of 1st period - Stopped by Cameron Talbot with a rebound.
7:45 of 1st period - Icing by Ryan Lindgren.
7:46 of 1st period - Joe Thornton wins face-off versus Nic Dowd in NORTH DAKOTA HAWKS zone.
7:46 of 1st period - Joe Thornton is hit by Josh Brown.
7:55 of 1st period - Minor Penalty to Ryan Carpenter for Elbowing.
7:56 of 1st period - Joe Thornton wins face-off versus Jordan Kyrou in NORTH DAKOTA HAWKS zone.
9:00 of 1st period - Shot by Ryan Strome.
9:00 of 1st period - Shot Misses the Net.
9:02 of 1st period - Shot by Ryan McDonagh.
9:02 of 1st period - Stopped by Cameron Talbot without a rebound.
9:03 of 1st period - Dylan Strome wins face-off versus Brandon Sutter in NORTH DAKOTA HAWKS zone.
9:06 of 1st period - Shot by Ryan Strome.
9:06 of 1st period - Deflect By Jakub Vrana.
9:06 of 1st period - Shot Blocked by Josh Brown.
9:08 of 1st period - Shot by Dylan Strome.
9:08 of 1st period - Stopped by Cameron Talbot without a rebound.
9:09 of 1st period - Brandon Sutter wins face-off versus Dylan Strome in NORTH DAKOTA HAWKS zone.
9:09 of 1st period - Brandon Sutter is hit by Jakub Vrana.
9:30 of 1st period - Shot by Dylan Strome.
9:30 of 1st period - Stopped by Cameron Talbot with a rebound.
10:26 of 1st period - Shot by Anthony Duclair.
10:26 of 1st period - Shot Misses the Net.
10:54 of 1st period - Shot by Alex Killorn.
10:54 of 1st period - Shot Misses the Net.
11:15 of 1st period - Shot by Zack Kassian.
11:15 of 1st period - Shot Blocked by Zdeno Chara.
12:01 of 1st period - Shot by Ryan Carpenter.
12:01 of 1st period - Shot Misses the Net.
12:47 of 1st period - Brandon Sutter is hit by Ryan McDonagh and loses puck.
13:09 of 1st period - Dylan Strome is hit by Josh Brown and loses puck.
14:59 of 1st period - Joe Thornton is hit by Connor Clifton and loses puck.
15:24 of 1st period - Shot by Ryan Strome.
15:24 of 1st period - Deflect By Jakub Vrana.
15:24 of 1st period - Stopped by Cameron Talbot with a rebound.
15:58 of 1st period - Shot by Anthony Duclair.
15:58 of 1st period - Stopped by Cameron Talbot with a rebound.
16:03 of 1st period - Minor Penalty to Ryan Lindgren for Tripping.
16:04 of 1st period - Nic Dowd wins face-off versus Dylan Strome in NORTH DAKOTA HAWKS zone.
16:53 of 1st period - Shot by William Nylander.
16:53 of 1st period - Stopped by Cameron Talbot with a rebound.
16:55 of 1st period - Shot by Samuel Girard.
16:55 of 1st period - Stopped by Cameron Talbot with a rebound.
16:57 of 1st period - Shot by Samuel Girard.
16:57 of 1st period - Stopped by Cameron Talbot without a rebound.
16:58 of 1st period - Brandon Sutter wins face-off versus Dylan Strome in NORTH DAKOTA HAWKS zone.
17:35 of 1st period - Alex Killorn is hit by Dylan Strome and loses puck.
18:14 of 1st period - Shot by Anthony Duclair.
18:14 of 1st period - Stopped by Cameron Talbot without a rebound.
18:15 of 1st period - Nick Suzuki wins face-off versus Jason Spezza in NORTH DAKOTA HAWKS zone.
18:41 of 1st period - Josh Brown is hit by Warren Foegele and loses puck.
18:52 of 1st period - Jason Spezza is hit by Zack Kassian and loses puck.
Goals for this period are 0 for SASKATOON DUCKS vs 1 for NORTH DAKOTA HAWKS.
Shots for this period are 15 for SASKATOON DUCKS vs 4 for NORTH DAKOTA HAWKS.

2nd period


0:01 of 2nd period - Joe Thornton wins face-off versus Nic Dowd in neutral zone.
0:12 of 2nd period - Shot by Joe Thornton.
0:12 of 2nd period - Shot Blocked by Nic Dowd.
0:21 of 2nd period - Icing by Ryan McDonagh.
0:22 of 2nd period - Brandon Sutter wins face-off versus Joe Thornton in SASKATOON DUCKS zone.
0:24 of 2nd period - Dillon Dube is hit by Alex Goligoski and loses puck.
0:30 of 2nd period - Dillon Dube is hit by Ryan McDonagh and loses puck.
2:57 of 2nd period - Off-side.
2:58 of 2nd period - Dylan Strome wins face-off versus Brandon Sutter in neutral zone.
3:01 of 2nd period - Shot by Artemi Panarin.
3:01 of 2nd period - Stopped by Cameron Talbot without a rebound.
3:02 of 2nd period - Dylan Strome wins face-off versus Jack Hughes in NORTH DAKOTA HAWKS zone.
3:38 of 2nd period - Jack Hughes is hit by Samuel Girard and loses puck.
4:28 of 2nd period - Minor Penalty to Nic Dowd for Tripping.
4:29 of 2nd period - Jason Spezza wins face-off versus Brandon Sutter in NORTH DAKOTA HAWKS zone.
4:32 of 2nd period - Shot by William Nylander.
4:32 of 2nd period - Goal by William Nylander - SASKATOON DUCKS : 1 - NORTH DAKOTA HAWKS : 1.
4:33 of 2nd period - Dylan Strome wins face-off versus Brandon Sutter in neutral zone.
5:56 of 2nd period - Off-side.
5:57 of 2nd period - Jack Hughes wins face-off versus Tyler Bozak in neutral zone.
6:12 of 2nd period - Shot by Frank Vatrano.
6:12 of 2nd period - Shot Blocked by Ryan McDonagh.
6:37 of 2nd period - Shot by Jack Hughes.
6:37 of 2nd period - Shot Misses the Net.
7:24 of 2nd period - Shot by William Nylander.
7:24 of 2nd period - Stopped by Cameron Talbot without a rebound.
7:25 of 2nd period - Nick Suzuki wins face-off versus Jason Spezza in NORTH DAKOTA HAWKS zone.
7:34 of 2nd period - Shot by Zack Kassian.
7:34 of 2nd period - Stopped by Jordan Binnington without a rebound.
7:35 of 2nd period - Brandon Sutter wins face-off versus Jason Spezza in SASKATOON DUCKS zone.
7:45 of 2nd period - Icing by Zdeno Chara.
7:46 of 2nd period - Zack Kassian wins face-off versus Jason Spezza in SASKATOON DUCKS zone.
8:24 of 2nd period - Shot by Warren Foegele.
8:24 of 2nd period - Shot Blocked by Josh Brown.
8:36 of 2nd period - Shot by Ryan Strome.
8:36 of 2nd period - Shot Blocked by Josh Brown.
8:38 of 2nd period - Shot by Joe Thornton.
8:38 of 2nd period - Stopped by Cameron Talbot without a rebound.
8:39 of 2nd period - Brandon Sutter wins face-off versus Dylan Strome in NORTH DAKOTA HAWKS zone.
8:47 of 2nd period - Shot by Artemi Panarin.
8:47 of 2nd period - Stopped by Cameron Talbot without a rebound.
8:48 of 2nd period - Joe Thornton wins face-off versus Jack Hughes in NORTH DAKOTA HAWKS zone.
9:38 of 2nd period - Icing by Ryan McDonagh.
9:39 of 2nd period - Joe Thornton wins face-off versus Brandon Sutter in SASKATOON DUCKS zone.
9:39 of 2nd period - Joe Thornton is hit by Dillon Dube.
9:45 of 2nd period - Jordan Kyrou is hit by Joe Thornton and loses puck.
9:57 of 2nd period - Minor Penalty to Jan Rutta for Hooking.
9:58 of 2nd period - Matthew Nieto wins face-off versus Joe Thornton in NORTH DAKOTA HAWKS zone.
10:11 of 2nd period - Shot by William Nylander.
10:11 of 2nd period - Shot Misses the Net.
11:20 of 2nd period - Shot by Artemi Panarin.
11:20 of 2nd period - Stopped by Cameron Talbot without a rebound.
11:21 of 2nd period - Anthony Duclair wins face-off versus Nic Dowd in NORTH DAKOTA HAWKS zone.
13:07 of 2nd period - Shot by Luke Kunin.
13:07 of 2nd period - Deflect By Jack Hughes.
13:07 of 2nd period - Shot Misses the Net.
13:09 of 2nd period - Shot by Frank Vatrano.
13:09 of 2nd period - Stopped by Jordan Binnington without a rebound.
13:10 of 2nd period - Nic Dowd wins face-off versus Dylan Strome in SASKATOON DUCKS zone.
13:40 of 2nd period - Minor Penalty to Marc Staal for Holding Stick.
13:41 of 2nd period - Brandon Sutter wins face-off versus William Nylander in NORTH DAKOTA HAWKS zone.
14:16 of 2nd period - Joe Thornton is hit by Josh Brown and loses puck.
14:27 of 2nd period - Shot by Matthew Nieto.
14:27 of 2nd period - Shot Blocked by Jakub Vrana.
14:43 of 2nd period - Shot by Dylan Strome.
14:43 of 2nd period - Stopped by Cameron Talbot without a rebound.
14:44 of 2nd period - Brandon Sutter wins face-off versus Dylan Strome in NORTH DAKOTA HAWKS zone.
15:05 of 2nd period - Shot by Ryan Strome.
15:05 of 2nd period - Shot Misses the Net.
15:27 of 2nd period - Shot by William Nylander.
15:27 of 2nd period - Stopped by Cameron Talbot with a rebound.
15:29 of 2nd period - Shot by Ryan McDonagh.
15:29 of 2nd period - Shot Misses the Net.
15:31 of 2nd period - Shot by William Nylander.
15:31 of 2nd period - Stopped by Cameron Talbot without a rebound.
15:32 of 2nd period - Nic Dowd wins face-off versus Artemi Panarin in NORTH DAKOTA HAWKS zone.
16:02 of 2nd period - Shot by Frank Vatrano.
16:02 of 2nd period - Shot Misses the Net.
16:28 of 2nd period - Shot by Alex Killorn.
16:28 of 2nd period - Shot Misses the Net.
16:30 of 2nd period - Shot by Zack Kassian.
16:30 of 2nd period - Stopped by Jordan Binnington without a rebound.
16:31 of 2nd period - Nic Dowd wins face-off versus Dylan Strome in SASKATOON DUCKS zone.
16:32 of 2nd period - Shot by Ryan Carpenter.
16:32 of 2nd period - Shot Misses the Net.
16:34 of 2nd period - Shot by Matthew Nieto.
16:34 of 2nd period - Stopped by Jordan Binnington with a rebound.
16:46 of 2nd period - Shot by Nic Dowd.
16:46 of 2nd period - Stopped by Jordan Binnington with a rebound.
17:47 of 2nd period - Shot by Jakub Vrana.
17:47 of 2nd period - Stopped by Cameron Talbot without a rebound.
17:48 of 2nd period - Tyler Bozak wins face-off versus Brandon Sutter in NORTH DAKOTA HAWKS zone.
18:03 of 2nd period - Shot by Tyler Bozak.
18:03 of 2nd period - Goal by Tyler Bozak - SASKATOON DUCKS : 2 - NORTH DAKOTA HAWKS : 1.
18:04 of 2nd period - Jack Hughes wins face-off versus Anthony Duclair in neutral zone.
19:14 of 2nd period - Shot by Ryan Strome.
19:14 of 2nd period - Stopped by Cameron Talbot without a rebound.
19:15 of 2nd period - Nick Suzuki wins face-off versus Dylan Strome in NORTH DAKOTA HAWKS zone.
19:30 of 2nd period - Shot by Alex Killorn.
19:30 of 2nd period - Shot Misses the Net.
19:36 of 2nd period - Shot by Alex Killorn.
19:36 of 2nd period - Shot Misses the Net.
19:43 of 2nd period - Shot by Ryan Lindgren.
19:43 of 2nd period - Stopped by Jordan Binnington without a rebound.
19:44 of 2nd period - Brandon Sutter wins face-off versus Joe Thornton in SASKATOON DUCKS zone.
Goals for this period are 2 for SASKATOON DUCKS vs 0 for NORTH DAKOTA HAWKS.
Shots for this period are 12 for SASKATOON DUCKS vs 6 for NORTH DAKOTA HAWKS.

3rd period


0:01 of 3rd period - Joe Thornton wins face-off versus Brandon Sutter in neutral zone.
0:39 of 3rd period - Shot by Jordan Kyrou.
0:39 of 3rd period - Stopped by Jordan Binnington with a rebound.
1:28 of 3rd period - Shot by Artemi Panarin.
1:28 of 3rd period - Shot Misses the Net.
1:48 of 3rd period - Minor Penalty to Josh Brown for Roughing.
1:49 of 3rd period - Nic Dowd wins face-off versus Artemi Panarin in NORTH DAKOTA HAWKS zone.
2:25 of 3rd period - Off-side.
2:26 of 3rd period - Dylan Strome wins face-off versus Nic Dowd in neutral zone.
2:49 of 3rd period - Shot by Dylan Strome.
2:49 of 3rd period - Shot Blocked by Nic Dowd.
2:51 of 3rd period - Shot by Ryan McDonagh.
2:51 of 3rd period - Shot Misses the Net.
2:53 of 3rd period - Shot by Zdeno Chara.
2:53 of 3rd period - Shot Misses the Net.
2:55 of 3rd period - Shot by Ryan McDonagh.
2:55 of 3rd period - Goal by Ryan McDonagh - SASKATOON DUCKS : 3 - NORTH DAKOTA HAWKS : 1.
2:56 of 3rd period - Jason Spezza wins face-off versus Jack Hughes in neutral zone.
3:31 of 3rd period - Anthony Duclair is hit by Luke Kunin and loses puck.
3:55 of 3rd period - Shot by Dillon Dube.
3:55 of 3rd period - Shot Misses the Net.
4:09 of 3rd period - Shot by Brandon Sutter.
4:09 of 3rd period - Deflect By Jordan Kyrou.
4:09 of 3rd period - Stopped by Jordan Binnington without a rebound.
4:10 of 3rd period - Dylan Strome wins face-off versus Nick Suzuki in SASKATOON DUCKS zone.
6:03 of 3rd period - Shot by Ryan Strome.
6:03 of 3rd period - Shot Misses the Net.
6:10 of 3rd period - Icing by Connor Clifton.
6:11 of 3rd period - Jack Hughes wins face-off versus Jason Spezza in NORTH DAKOTA HAWKS zone.
7:28 of 3rd period - Off-side.
7:29 of 3rd period - Jakub Vrana wins face-off versus Nick Suzuki in neutral zone.
8:03 of 3rd period - Icing by Josh Brown.
8:04 of 3rd period - Dylan Strome wins face-off versus Nick Suzuki in NORTH DAKOTA HAWKS zone.
8:08 of 3rd period - Artemi Panarin is hit by Josh Brown and loses puck.
8:12 of 3rd period - Icing by Nick Suzuki.
8:13 of 3rd period - Nick Suzuki wins face-off versus Dylan Strome in NORTH DAKOTA HAWKS zone.
9:06 of 3rd period - Shot by Jack Hughes.
9:06 of 3rd period - Deflect By Frank Vatrano.
9:06 of 3rd period - Shot Misses the Net.
9:48 of 3rd period - Shot by Ryan Strome.
9:48 of 3rd period - Stopped by Cameron Talbot without a rebound.
9:49 of 3rd period - Tyler Bozak wins face-off versus Brandon Sutter in NORTH DAKOTA HAWKS zone.
10:00 of 3rd period - Shot by Ryan Strome.
10:00 of 3rd period - Shot Misses the Net.
10:55 of 3rd period - Icing by Anthony Duclair.
10:56 of 3rd period - Jason Spezza wins face-off versus Jack Hughes in SASKATOON DUCKS zone.
11:04 of 3rd period - Off-side.
11:05 of 3rd period - Jack Hughes wins face-off versus Dylan Strome in neutral zone.
12:14 of 3rd period - Minor Penalty to Joe Thornton for Hooking.
12:15 of 3rd period - Anthony Duclair wins face-off versus Nick Suzuki in SASKATOON DUCKS zone.
13:10 of 3rd period - Jordan Kyrou is hit by Zdeno Chara and loses puck.
13:17 of 3rd period - Shot by Dougie Hamilton.
13:17 of 3rd period - Stopped by Jordan Binnington with a rebound.
13:19 of 3rd period - Shot by Dougie Hamilton.
13:19 of 3rd period - Shot Misses the Net.
13:21 of 3rd period - Shot by Dougie Hamilton.
13:21 of 3rd period - Shot Misses the Net.
13:23 of 3rd period - Shot by Dougie Hamilton.
13:23 of 3rd period - Shot Misses the Net.
13:25 of 3rd period - Shot by Jordan Kyrou.
13:25 of 3rd period - Shot Misses the Net.
13:31 of 3rd period - Shot by Jordan Kyrou.
13:31 of 3rd period - Shot Blocked by Radko Gudas.
13:33 of 3rd period - Shot by Dougie Hamilton.
13:33 of 3rd period - Shot Misses the Net.
13:35 of 3rd period - Shot by Dougie Hamilton.
13:35 of 3rd period - Deflect By Luke Kunin.
13:35 of 3rd period - Stopped by Jordan Binnington without a rebound.
13:36 of 3rd period - Tyler Bozak wins face-off versus Nick Suzuki in SASKATOON DUCKS zone.
14:37 of 3rd period - Shot by Joe Thornton.
14:37 of 3rd period - Stopped by Cameron Talbot without a rebound.
14:38 of 3rd period - Tyler Bozak wins face-off versus Jack Hughes in NORTH DAKOTA HAWKS zone.
14:39 of 3rd period - Shot by Ryan Strome.
14:39 of 3rd period - Shot Misses the Net.
14:41 of 3rd period - Shot by Ryan McDonagh.
14:41 of 3rd period - Stopped by Cameron Talbot without a rebound.
14:42 of 3rd period - Joe Thornton wins face-off versus Jack Hughes in NORTH DAKOTA HAWKS zone.
16:04 of 3rd period - Ryan Carpenter is hit by Alex Goligoski and loses puck.
16:32 of 3rd period - William Nylander is hit by Ryan Lindgren and loses puck.
16:35 of 3rd period - Shot by William Nylander.
16:35 of 3rd period - Shot Misses the Net.
16:37 of 3rd period - Shot by Artemi Panarin.
16:37 of 3rd period - Shot Blocked by Jordan Kyrou.
16:37 of 3rd period - Jordan Kyrou from NORTH DAKOTA HAWKS is injured at 16:37 of 3rd period (Left Foot).
16:38 of 3rd period - Warren Foegele wins face-off versus Nick Suzuki in NORTH DAKOTA HAWKS zone.
16:38 of 3rd period - Warren Foegele is hit by Marc Staal.
17:54 of 3rd period - Ryan Carpenter is hit by Radko Gudas.
18:19 of 3rd period - Icing by Frank Vatrano.
18:20 of 3rd period - Dylan Strome wins face-off versus Jack Hughes in NORTH DAKOTA HAWKS zone.
18:28 of 3rd period - Icing by Luke Kunin.
18:29 of 3rd period - Jack Hughes wins face-off versus Dylan Strome in NORTH DAKOTA HAWKS zone.
18:29 of 3rd period - Jack Hughes is hit by Dylan Strome.
19:08 of 3rd period - Minor Penalty to Luke Kunin for Slashing.
19:09 of 3rd period - Dylan Strome wins face-off versus Brandon Sutter in NORTH DAKOTA HAWKS zone.
19:39 of 3rd period - Shot by Ryan McDonagh.
19:39 of 3rd period - Shot Misses the Net.
19:41 of 3rd period - Shot by Dylan Strome.
19:41 of 3rd period - Shot Misses the Net.
19:52 of 3rd period - Icing by Alex Goligoski.
19:53 of 3rd period - Nic Dowd wins face-off versus Joe Thornton in SASKATOON DUCKS zone.
Goals for this period are 1 for SASKATOON DUCKS vs 0 for NORTH DAKOTA HAWKS.
Shots for this period are 4 for SASKATOON DUCKS vs 4 for NORTH DAKOTA HAWKS.


NATHAN
MACKINNON
PHILLIP
DANAULT
CONNOR
MCDAVID

EAST COAST

HOCKEY LEAGUE

  • 25.QUE4CHI5
  • 26.CHA2LIM3
  • 27.TRV2LON3
  • 28.CHW4BAL2
  • 29.PITMAN
  • 30.ATLNHW
  • 31.WORPET
  • 32.RHI